[ AOE2 MATCH · #478334535 ]
UnrankedMaya vs None
Rival team · WIN
[ REPLAY ANALYSIS · EXTRACTED FROM THE RECORDED GAME ]
Feudal
8:36
Castle
—
Imperial
—
| APM avg | 70.4 |
| APM peak | 119 |
| eAPM avg | 25.8 |
| Villagers / military | 38 / 18 |
Focus
⚔️ 17.3% · 🌾 82.7%
Archer ×9 · Militia ×5 · Eagle Scout ×4
Feudal
9:44
Castle
—
Imperial
—
| APM avg | 35.6 |
| APM peak | 69 |
| eAPM avg | 15.3 |
| Villagers / military | 35 / 20 |
Focus
⚔️ 18.0% · 🌾 82.0%
Militia ×10 · Skirmisher ×10
Match map
Initial resources + every placement click. Lines = walls · curves = elevation contours. ◆ gold · ⬟ stone · ● berries · ✦ relic · ◌ wall gap
Your base· Open — 4t gap
Manzanito's base· Open — 4t gap
Smoothed initial terrain · ◌ = detected wall gap · hover for details
Inputs per minute
— grapejuice - - Manzanito
Build order — grapejuice
92 actions detected in the replay
| 0:06 | Build | Town Center |
| 1:10 | Create | Villager (Male) |
| 1:10 | Create | Villager (Male) |
| 1:11 | Create | Villager (Male) |
| 1:11 | Create | Villager (Male) |
| 1:11 | Create | Villager (Male) |
| 1:54 | Create | Villager (Male) |
| 1:54 | Create | Villager (Male) |
| 2:00 | Create | Villager (Male) |
| 2:00 | Create | Villager (Male) |
| 2:10 | Build | Lumber Camp |
| 2:57 | Create | Villager (Male) |
| 2:57 | Create | Villager (Male) |
| 2:58 | Create | Villager (Male) |
| 2:58 | Create | Villager (Male) |
| 3:22 | Build | Mill |
| 3:47 | Create | Villager (Male) |
| 3:58 | Create | Villager (Male) |
| 3:59 | Create | Villager (Male) |
| 4:07 | Research | Loom |
| 4:07 | Create | Villager (Male) |
| 4:08 | Create | Villager (Male) |
| 5:16 | Create | Villager (Male) |
| 5:43 | Create | Villager (Male) |
| 5:58 | Build | Barracks |
| 6:26 | Research | Feudal Age |
| 6:55 | Create | Militia |
| 6:55 | Create | Militia |
| 7:05 | Build | Mining Camp |
| 7:06 | Create | Militia |
| 7:07 | Create | Militia |
| 7:30 | Build | House |
| 7:46 | Create | Militia |
| 8:34 | Create | Villager (Male) |
| 8:36 | Age | Feudal Age |
| 8:41 | Research | Man-at-Arms (upgrade) |
| 9:04 | Create | Villager (Male) |
| 9:21 | Research | Double-Bit Axe |
| 9:39 | Create | Villager (Male) |
| 9:39 | Create | Villager (Male) |
| 10:06 | Create | Villager (Male) |
| 10:11 | Build | Archery Range |
| 10:27 | Build | Mill |
| 10:30 | Create | Villager (Male) |
| 10:30 | Create | Villager (Male) |
| 10:46 | Build | Mill |
| 10:58 | Build | Farm |
| 11:03 | Build | House |
| 11:10 | Build | House |
| 11:19 | Create | Archer |
| 11:19 | Create | Archer |
| 11:19 | Create | Archer |
| 11:32 | Research | Town Watch |
| 11:34 | Build | House |
| 11:45 | Create | Archer |
| 12:20 | Create | Villager (Male) |
| 12:20 | Create | Villager (Male) |
| 12:25 | Build | Farm |
| 12:54 | Create | Villager (Male) |
| 12:57 | Research | Horse Collar |
| 13:29 | Build | Farm |
| 13:29 | Build | Farm |
| 13:29 | Build | Farm |
| 13:29 | Build | Farm |
| 13:30 | Build | Farm |
| 13:30 | Build | Farm |
| 13:31 | Create | Villager (Male) |
| 13:40 | Create | Eagle Scout |
| 13:40 | Create | Eagle Scout |
| 13:46 | Create | Archer |
| 14:38 | Create | Villager (Male) |
| 14:38 | Create | Villager (Male) |
| 14:39 | Create | Villager (Male) |
| 15:11 | Build | House |
| 15:32 | Build | House |
| 15:33 | Create | Archer |
| 15:34 | Create | Archer |
| 15:48 | Research | Wheelbarrow |
| 15:50 | Build | House |
| 16:13 | Build | House |
| 16:25 | Build | Farm |
| 17:14 | Create | Villager (Male) |
| 17:15 | Create | Villager (Male) |
| 17:15 | Create | Villager (Male) |
| 17:31 | Build | Market |
| 17:37 | Create | Villager (Male) |
| 17:49 | Create | Eagle Scout |
| 17:49 | Create | Eagle Scout |
| 18:28 | Build | Blacksmith |
| 18:39 | Create | Archer |
| 18:39 | Create | Archer |
| 19:12 | Research | Castle Age |
Build order — Manzanito
97 actions detected in the replay
| 0:11 | Build | Town Center |
| 0:59 | Build | House |
| 1:19 | Create | Villager (Male) |
| 1:19 | Create | Villager (Male) |
| 1:20 | Create | Villager (Male) |
| 1:20 | Create | Villager (Male) |
| 1:57 | Create | Villager (Male) |
| 2:02 | Build | Lumber Camp |
| 2:41 | Create | Villager (Male) |
| 3:05 | Create | Villager (Male) |
| 3:30 | Create | Villager (Male) |
| 3:36 | Create | Villager (Male) |
| 4:41 | Create | Villager (Male) |
| 4:50 | Create | Villager (Male) |
| 4:53 | Build | Mill |
| 5:46 | Create | Villager (Male) |
| 5:49 | Research | Loom |
| 5:52 | Create | Villager (Male) |
| 6:14 | Build | Mining Camp |
| 6:26 | Create | Villager (Male) |
| 6:29 | Create | Villager (Male) |
| 7:07 | Build | Barracks |
| 7:11 | Build | House |
| 7:29 | Research | Feudal Age |
| 7:34 | Build | Palisade Wall |
| 7:36 | Build | Palisade Wall |
| 7:41 | Build | Palisade Wall |
| 7:57 | Create | Villager (Male) |
| 8:26 | Create | Militia |
| 8:31 | Create | Militia |
| 9:10 | Create | Militia |
| 9:16 | Build | House |
| 9:44 | Age | Feudal Age |
| 9:48 | Research | Man-at-Arms (upgrade) |
| 10:00 | Build | Archery Range |
| 10:11 | Create | Villager (Male) |
| 10:11 | Create | Villager (Male) |
| 10:41 | Build | House |
| 10:42 | Build | House |
| 10:44 | Create | Skirmisher |
| 11:14 | Create | Militia |
| 11:24 | Create | Villager (Male) |
| 11:33 | Research | Double-Bit Axe |
| 11:38 | Build | Farm |
| 11:39 | Build | Farm |
| 11:59 | Create | Villager (Male) |
| 12:02 | Create | Militia |
| 12:15 | Create | Villager (Male) |
| 12:16 | Create | Skirmisher |
| 12:37 | Build | Watch Tower |
| 13:02 | Create | Villager (Male) |
| 13:02 | Create | Villager (Male) |
| 13:24 | Create | Villager (Male) |
| 13:34 | Build | Farm |
| 13:36 | Build | Farm |
| 13:38 | Build | Farm |
| 13:40 | Build | Farm |
| 13:41 | Build | Farm |
| 14:22 | Build | Watch Tower |
| 14:24 | Create | Villager (Male) |
| 14:26 | Create | Militia |
| 14:28 | Create | Skirmisher |
| 14:28 | Create | Skirmisher |
| 15:08 | Create | Skirmisher |
| 15:10 | Create | Villager (Male) |
| 15:10 | Create | Villager (Male) |
| 15:15 | Build | Farm |
| 15:16 | Build | Farm |
| 15:18 | Create | Villager (Male) |
| 15:31 | Create | Skirmisher |
| 16:30 | Build | Watch Tower |
| 16:57 | Create | Militia |
| 16:58 | Create | Militia |
| 16:59 | Create | Villager (Male) |
| 17:00 | Create | Villager (Male) |
| 17:03 | Build | House |
| 17:04 | Build | House |
| 17:10 | Build | Farm |
| 17:10 | Build | Farm |
| 17:10 | Build | Farm |
| 17:10 | Build | Farm |
| 17:39 | Create | Skirmisher |
| 17:40 | Create | Skirmisher |
| 18:02 | Build | Watch Tower |
| 18:16 | Create | Militia |
| 18:16 | Create | Militia |
| 18:18 | Create | Skirmisher |
| 18:18 | Create | Skirmisher |
| 18:26 | Build | Watch Tower |
| 18:47 | Create | Villager (Male) |
| 18:47 | Create | Villager (Male) |
| 18:48 | Create | Villager (Male) |
| 18:52 | Build | Farm |
| 18:55 | Build | Farm |
| 19:03 | Create | Villager (Male) |
| 19:03 | Create | Villager (Male) |
| 19:23 | Build | Palisade Wall |
Match timeline
| 5:58 | grapejuice · first_building Barracks |
| 7:07 | Manzanito · first_building Barracks |
| 7:34 | Manzanito · wall_segment Palisade Wall x1 |
| 7:36 | Manzanito · wall_segment Palisade Wall x1 |
| 7:41 | Manzanito · wall_segment Palisade Wall x1 |
| 8:36 | grapejuice · age_up feudal |
| 9:44 | Manzanito · age_up feudal |
| 10:00 | Manzanito · first_building Archery Range |
| 10:11 | grapejuice · first_building Archery Range |
| 19:23 | Manzanito · wall_segment Palisade Wall x2 |
| 19:38 | grapejuice · resign |
[ AI ANALYSIS · 1 CREDIT ]
What really happened in this match?
Wolo.gg analyzes every decision: build order, eco, micro, common mistakes by bracket. Personalized analysis on WhatsApp or Discord in 30 seconds.
Civ guide
Maya
Perfil
grapejuice